 Dungeon Crawl Stone Soup version 0.21.1-1-g345015fe64 (webtiles) character file.

65 JarielCorvus the Magician (level 3, -1/19 HPs)
             Began as a Deep Elf Ice Elementalist on July 3, 2018.
             Slain by Sigmund
             ... wielding a +0 scythe
              (6 damage)
             ... on level 2 of the Dungeon.
             The game lasted 00:05:28 (1555 turns).

JarielCorvus the Magician (DEIE)                    Turns: 1555, Time: 00:05:28

Health: -1/19      AC:  2    Str:  5    XL:     3   Next: 92%
Magic:  11/11      EV: 13    Int: 20    God:
Gold:   69         SH:  0    Dex: 15    Spells: 6/12 levels left

rFire    . . .     SeeInvis .   q - +0 hunting sling (flame)
rCold    . . .     Gourm    .   (no shield)
rNeg     . . .     Faith    .   a - +0 robe
rPois    .         Spirit   .   (no helmet)
rElec    .         Reflect  .   (no cloak)
rCorr    .         Harm     .   (no gloves)
MR       .....                  (no boots)
Stlth    ++........             (no amulet)
HPRegen  0.06/turn              (no ring)
MPRegen  0.12/turn              (no ring)

@: no status effects
A: no striking features
a: no special abilities


You were on level 2 of the Dungeon.
You were not hungry.

You visited 1 branch of the dungeon, and saw 2 of its levels.

You collected 69 gold pieces.

Inventory:

Hand Weapons
 h - a +1 whip of electrocution
 p - a +2 dagger of pain
 q - a +0 hunting sling of flaming (weapon)
Missiles
 i - 96 stones (quivered)
Armour
 a - a +0 robe (worn)
Scrolls
 l - 4 scrolls of identify
 m - 2 scrolls of amnesia {unknown}
 n - a scroll of magic mapping {unknown}
 o - a scroll of enchant armour {unknown}
Potions
 d - a potion of resistance
 e - a potion of curing
 f - a potion of lignification {unknown}
 g - a potion of magic {unknown}
 j - 2 potions of heal wounds
 k - a potion of might {unknown}
Books
 b - a book of Frost

   Spells                             Type                      Level
   a - Freeze                         Ice                          1
   b - Throw Frost                    Conjuration/Ice              2
   c - Ozocubu's Armour               Charms/Ice                   3
   d - Throw Icicle                   Conjuration/Ice              4
   e - Summon Ice Beast               Ice/Summoning                4
Comestibles
 c - 3 rations


   Skills:
 - Level 2.4 Dodging
 - Level 2.4 Stealth
 * Level 5.1 Spellcasting
 - Level 1.1 Conjurations
 + Level 4.0 Ice Magic


You had 6 spell levels left.
You knew the following spells:

 Your Spells              Type           Power        Failure   Level  Hunger
a - Freeze                Ice            ###.         2%          1    None
b - Throw Frost           Conj/Ice       ###...       6%          2    None
c - Ozocubu's Armour      Chrm/Ice       ##......     14%         3    ##.....


Dungeon Overview and Level Annotations

Branches:
Dungeon (2/15)

Altars:

Annotations:
D:2 Sigmund


Message History

A rat and Sigmund come into view.
Sigmund shouts!
Firing (i - inventory):
i - 99 stones (quivered)
Press: ? - help, Shift-Dir - straight line, f - Sigmund
Aim: Sigmund, wielding a scythe and wearing a robe You shoot a stone.
The stone hits Sigmund.
The stone burns Sigmund.
Sigmund is moderately wounded.
Sigmund hits you from afar with a scythe!
Firing (i - inventory):
i - 98 stones (quivered)
Press: ? - help, Shift-Dir - straight line, f/p - Sigmund
Aim: Sigmund, wielding a scythe and wearing a robe (moderately wounded)
You shoot a stone. The stone closely misses Sigmund.
Sigmund hits you from afar with a scythe!
* * * LOW HITPOINT WARNING * * *
Firing (i - inventory):
i - 97 stones (quivered)
Press: ? - help, Shift-Dir - straight line, f/p - Sigmund
Aim: Sigmund, wielding a scythe and wearing a robe (moderately wounded)
You shoot a stone. The stone barely misses Sigmund.
Sigmund hits you from afar with a scythe.
You die...

.##.# .##.# .. .##.# ..
....# .# ###.# .# #.#
r# ###.# @# .##.# ###.#
.##.# #.@.# .##.#
#######.###.#
.##.#####...........#
.##.............#####
......###.#####.#####.#
............###.......#
###########.....#######
#######


You could see Sigmund and a rat.

Vanquished Creatures
  Robin (D:2)
  2 dart slugs
  A leopard gecko (D:2)
  6 bats
  A giant cockroach (D:1)
  11 goblins
  2 hobgoblins
  6 jackals (D:1)
  5 kobolds
  2 quokkas (D:2)
  5 frilled lizards
  3 rats
45 creatures vanquished.

Notes
Turn   | Place    | Note
-------+----------+-------------------------------------------
     0 | D:1      | JarielCorvus the Deep Elf Ice Elementalist began the quest for the Orb.
     0 | D:1      | Reached XP level 1. HP: 10/10 MP: 6/6
   242 | D:1      | Reached XP level 2. HP: 13/15 MP: 3/8
   247 | D:1      | Learned a level 2 spell: Throw Frost
   387 | D:1      | Reached skill level 4 in Spellcasting
   931 | D:2      | Reached XP level 3. HP: 19/19 MP: 5/10
   936 | D:2      | Learned a level 3 spell: Ozocubu's Armour
  1172 | D:2      | Noticed Robin
  1190 | D:2      | Killed Robin
  1202 | D:2      | Reached skill level 5 in Spellcasting
  1552 | D:2      | Noticed Sigmund
  1555 | D:2      | Slain by Sigmund

Skill      XL: |  1  2  3 |
---------------+----------+-----
Spellcasting   | 4 5 |  5.1
Ice Magic      | 4 |  4.0
Dodging        | |  2.4
Stealth        | |  2.4
Conjurations   | |  1.1

Action                   || total
-------------------------++-------
Melee: Whip              ||    27
 Fire: Hunting sling     ||     7
Throw: Stone             ||     9
 Cast: Freeze            ||    26
       Throw Frost       ||    22
       Ozocubu's Armour  ||     2
  Use: Scroll            ||     3
  Eat: Chunk             ||     2
Armor: Robe              ||    10
Dodge: Dodged            ||    26
